Map: Para Site LE

Players

PtitDrogo

  • Race: Protoss Protoss
  • League: Master
  • Spawn Location: 5:00

Bly - Winner!

  • Race: Zerg Zerg
  • League: Master
  • Spawn Location: 11:00

Event: HomeStory Cup XVIII

VOD

Have the link to the VOD?

Description

Time

  • Played on: Nov. 24, 2018, 7:27 a.m.
  • Length: 7:21

All games in this series

Show
View Real Time Build Order
Export as new Build Order

PtitDrogo Protoss 

Build Orders: 1 Gate Expand, Zealot Archon 

Get SALT Encoding   

  12  0:00  Probe  
  13  0:12  Probe  
  14  0:19  Pylon  
  14  0:25  Probe  
  15  0:33  Probe  
  15  0:37  Assimilator  
  15  0:42  Probe  
  16  0:44  Gateway  
  17  0:51  Probe  
  18  1:04  Probe  
  19  1:27  Nexus  
  19  1:32  Cybernetics Core  
  19  1:35  Assimilator  
  19  1:39  Probe  
  20  1:51  Probe  
  21  1:55  Pylon  
  21  1:59  Adept  
  21  2:08  Warp Gate  
  23  2:13  Gateway  
  23  2:17  Shield Battery  
  23  2:19  Stalker  
  25  2:35  Probe  
  26  2:40  Stalker  
  26  2:47  Probe  
  29  2:52  Shield Battery  
  29  2:55  Probe  
  30  3:01  Stalker  
  30  3:03  Probe  
  33  3:07  Probe  
  34  3:13  Sentry  
  34  3:15  Probe x2  
  38  3:23  Probe  
  38  3:27  Probe  
  38  3:30  Pylon  
  38  3:33  Probe  
  40  3:39  Probe  
  42  3:43  Probe  
  43  3:50  Twilight Council  
  43  3:51  Forge, Probe x2  
  45  3:59  Probe  
  45  4:03  Probe  
  45  4:08  Pylon  
  47  4:11  Probe  
  47  4:16  Probe  
  49  4:24  Protoss Ground Weapons Level 1, Probe  
  50  4:28  Probe  
  50  4:31  Nexus  
  51  4:33  Pylon  
  51  4:36  Probe  
  51  4:38  Pylon  
  52  4:40  Probe  
  52  4:42  Assimilator  
  52  4:43  Assimilator  
  53  4:47  Charge, Robotics Facility  
  53  4:48  Probe  
  53  4:52  Probe  
  55  4:58  Probe  
  55  4:59  Gateway  
  55  5:03  Gateway  
  55  5:04  Probe  
  55  5:06  Probe  
  57  5:11  Zealot x2  
  58  5:17  Probe x2  
  58  5:28  Shield Battery  
  58  5:29  Probe x2  
  53  5:37  Adept x2  
  53  5:39  Probe  
  53  5:42  Probe  
  50  5:46  Probe  
  50  5:47  Probe  
  50  5:48  Warp Prism  
  51  5:54  Probe  
  51  5:55  Probe  
  51  5:56  Probe  
  57  6:04  Probe  
  57  6:06  Probe  
  57  6:07  Probe  
  57  6:08  Templar Archives  
  60  6:12  Probe  
  60  6:18  Probe  
  62  6:19  Probe  
  62  6:20  Gateway  
  62  6:21  Gateway  
  62  6:25  Probe  
  64  6:26  Gateway  
  64  6:30  Gateway  
  64  6:31  Probe  
  66  6:38  Zealot  
  69  6:42  Zealot x2  
  69  6:48  Probe x2  
  69  6:53  Probe  
  70  6:54  Pylon  
  71  7:01  Probe x2  
  71  7:02  Pylon, Gateway  
  71  7:03  High Templar x4  
  71  7:07  Archon x2  
  80  7:08  Photon Cannon  
  80  7:09  Probe  
Show
View Real Time Build Order
Export as new Build Order

Bly Zerg - Winner!

Build Orders: Hatch First 

Get SALT Encoding   

  12  0:01  Drone  
  13  0:12  Overlord  
  13  0:19  Drone  
  14  0:31  Drone x2  
  16  0:51  Hatchery  
  16  0:54  Drone  
  16  1:28  Drone x3  
  16  1:31  Spawning Pool  
  18  1:50  Hatchery  
  17  1:56  Drone  
  17  1:57  Drone  
  19  2:07  Drone x2  
  21  2:15  Hatchery  
  20  2:24  Drone x2  
  20  2:25  Drone  
  20  2:27  Drone  
  24  2:33  Queen  
  26  2:42  Queen  
  26  2:43  Extractor  
  27  2:48  Overlord  
  27  2:53  Drone  
  27  2:56  Overlord  
  28  3:06  Drone x4  
  28  3:08  Drone  
  28  3:09  Queen  
  35  3:16  Extractor  
  35  3:17  Drone  
  35  3:20  Drone  
  36  3:29  Queen, Drone x2  
  36  3:31  Drone  
  41  3:40  Drone x3  
  44  3:44  Metabolic Boost, Overlord  
  44  3:45  Drone x2  
  46  3:49  Overlord  
  46  3:50  Drone  
  46  3:51  Drone  
  46  3:53  Drone  
  49  4:02  Lair  
  49  4:10  Zergling x10  
  49  4:11  Extractor, Zergling x2  
  49  4:15  Drone x3  
  49  4:16  Drone  
  58  4:22  Overlord x2  
  58  4:32  Overlord  
  58  4:38  Overlord  
  58  4:42  Drone x6  
  64  4:50  Spine Crawler  
  64  4:51  Zergling x14  
  70  4:53  Zergling x4  
  72  5:01  Extractor  
  72  5:04  Spire  
  69  5:13  Drone x7  
  76  5:34  Drone x10  
  78  5:37  Extractor  
  78  5:38  Extractor  
  71  5:43  Zergling x8  
  74  5:51  Baneling Nest  
  74  5:52  Hatchery, Zergling x6  
  75  5:59  Zergling x2  
  75  6:00  Zergling x4  
  78  6:07  Overlord x2  
  78  6:19  Mutalisk x6  
  89  6:30  Mutalisk x5  
  99  6:35  Mutalisk  
  99  6:37  Drone x5  
  101  6:51  Mutalisk  
  101  6:52  Mutalisk x2  
  101  6:54  Zergling x6  
  106  6:56  Overlord  
  106  6:59  Spore Crawler  
  106  7:00  Spore Crawler  
  106  7:01  Spore Crawler  
Tags
 
Add a new tag
Caveats
  • Supply blocks, unpowered buildings, or Contaminate may cause inaccurate times.
  • Supply counts are checked every 10 seconds.